 Bloatcrawl 2 version 0.50.1-497-g763ebf1 (webtiles) character file.

Game seed: 12345954516614160736, levelgen mode: deterministic

405 Dorkslayer the Chopper (level 6, 0/50 HPs)
             Began as a Protean Fighter on Nov 30, 2020.
             Succumbed to an adder's poison
             ... on level 2 of the Dungeon.
             The game lasted 00:06:38 (1099 turns).

Dorkslayer the Chopper (Protean Fighter)            Turns: 1099, Time: 00:06:38

Health: 0/50       AC:  3    Str: 18    XL:     6   Next: 87%
Magic:  6/6        EV: 18    Int:  8    God:
Gold:   90         SH:  0    Dex: 10    Spells: 5/5 levels left Game modifiers: x1.5 XP

rFire   . . .      SeeInvis .    a - +0 hand axe
rCold   . . .      Gourm    .    (shield restricted)
rNeg    . . .      Faith    .    c - +1 robe {MR+}
rPois   .          Spirit   .    (helmet restricted)
rElec   .          Reflect  .    (no cloak)
rCorr   .          Harm     .    (gloves unavailable)
MR      ++...      Clarity  +    (boots unavailable)
Stlth   +.........               j - amulet of the acrobat
HPRegen 0.16/turn                m - -3 ring of slaying (curse)
MPRegen 0.10/turn                (no ring)

@: brilliant, lethally poisoned (0 -> -4)
A: tiny, horns 1, clarity, frail 1, magic resistance 1, evolution 2, protean
body
a: no special abilities


You were on level 2 of the Dungeon.
You were not hungry.

You visited 1 branch of the dungeon, and saw 2 of its levels.

You collected 90 gold pieces.

Inventory:

Hand Weapons
 a - a +0 hand axe (weapon)
Armour
 b - a +1 robe
 c - a +1 robe of magic resistance (worn)
Jewellery
 j - an amulet of the acrobat (around neck)
 m - a cursed -3 ring of slaying (left hand)
Potions
 e - a potion of mutation
Comestibles
 d - 2 rations
 f - 6 chunks of flesh


   Skills:
 + Level 4.1 Fighting
 + Level 4.7 Axes
 + Level 4.6 Dodging
   Level 3.0 Shields


You had 5 spell levels left.
You didn't know any spells.
Your spell library was empty.

Dungeon Overview and Level Annotations

Branches:
Dungeon (2/15)

Altars:
Ru
Yredelemnul


Innate Abilities, Weirdness & Mutations

You are very small.
You have problems with some larger weapons.
You are too small for most types of armour.
You rapidly evolve.
Your protean body gains health from mutations (+16% HP).
Your health pool defines your size (currently very small).
Your protean flesh cannot be transmuted.
Your protean flesh is especially vulnerable to rot.
You have a pair of small horns on your head.
You possess an exceptional clarity of mind.
You are frail. (-10% HP)
You are resistant to hostile enchantments. (MR+)


Message History

You hit the jackal but do no damage.
* * * LOW HITPOINT WARNING * * *
You feel sick. The adder bites you.
* * * LOW HITPOINT WARNING * * *
The jackal misses you.
You hit the adder.
You kill the adder!
You hit the jackal. The jackal closely misses you.
Okay, then.
Okay, then.
You barely miss the jackal. Your headbutt misses the jackal.
The jackal is heavily wounded.
* * * LOW HITPOINT WARNING * * *
You feel sick. The jackal closely misses you. The jackal completely misses you.
You hit the jackal but do no damage.
The jackal is heavily wounded.
The jackal misses you.
You closely miss the jackal.
The jackal is heavily wounded.
You die...

#.....÷##.##.##
#......##.##.##
#......##.....#
###.##.#####..#
#.##.#####..#
###.##........#
#...#########.####
#.##### #.....†.#
#.....####.##.##@#
....#.#....##.##h##
#.....#.........r..
#..#..........##.#.
#...))##.#.#..##....
#.....##.#........ ..
##...###.#.#..###...##
#...# #......# .. .
#...# ###.##.#


You could see a jackal and a rat.

Vanquished Creatures
  Sigmund (D:2)
  A human skeleton (D:2)
  3 adders (D:2)
  An ooze (D:1)
  3 dart slugs (D:1)
  2 giant cockroaches (D:1)
  2 hobgoblins
  13 jackals
  A ball python (D:2)
  3 bats
  4 frilled lizards
  6 goblins
  4 kobolds
  4 rats
48 creatures vanquished.

Vanquished Creatures (others)
  An adder (D:2)
1 creature vanquished.

Grand Total: 49 creatures vanquished

Notes
Turn   | Place    | Note
-------+----------+-------------------------------------------
     0 | D:1      | Dorkslayer the Protean Fighter began the quest for the Orb.
     0 | D:1      | Reached XP level 1. HP: 18/18 MP: 1/1
    60 | D:1      | Reached XP level 2. HP: 10/24 MP: 2/2
   293 | D:1      | Reached XP level 3. HP: 25/30 MP: 3/3
   494 | D:1      | Reached XP level 4. HP: 28/37 MP: 4/4
   707 | D:2      | Found a runed translucent door.
   707 | D:2      | Noticed a human
   711 | D:2      | Found a basalt altar of Yredelemnul.
   815 | D:2      | Reached XP level 5. HP: 23/42 MP: 5/5
   842 | D:2      | Found a sacrificial altar of Ru.
   978 | D:2      | Noticed Sigmund
   989 | D:2      | Gained mutation: You have a pair of small horns on your
                  | head. [potion of mutation]
   989 | D:2      | Gained mutation: You possess an exceptional clarity of
                  | mind. [potion of mutation]
   989 | D:2      | Gained mutation: You are frail. (-10% HP) [potion of
                  | mutation]
   989 | D:2      | Gained mutation: You are resistant to hostile enchantments.
                  | (MR+) [potion of mutation]
  1015 | D:2      | Killed Sigmund
  1015 | D:2      | Reached XP level 6. HP: 46/50 MP: 6/6
  1095 | D:2      | HP: 2/50 [adder (2)]
  1099 | D:2      | Succumbed to an adder's poison

Levels and vault maps discovered:
D:1:      scummos_arrival_simple_fountains, layout_basic
D:2:      layout_loops_cross, overflow_temple_1_default,
          minmay_misc_feat_columns, dk_yredelemnul_ordeal, uniq_sigmund

Skill      XL: |  1  2  3  4  5 |
---------------+----------------+-----
Axes           | 3 4 |  4.7
Fighting       | 4 |  4.1
Dodging        | 4 |  4.6
Shields        | |  3.0

Action                   |  1- 3 |  4- 6 || total
-------------------------+-------+-------++-------
Melee: Hand axe          |   114 |   130 ||   244
       Headbutt          |       |     1 ||     1
  Use: Scroll            |       |     4 ||     4
       Potion            |       |     3 ||     3
  Eat: Chunk             |       |     1 ||     1
Armor: Robe              |    10 |    14 ||    24
Dodge: Dodged            |   113 |   143 ||   256
